 Dungeon Crawl Stone Soup version 0.22.0-5-gf09313c (webtiles) character file.

6412 Lauz the Severer (level 10, 0/90 HPs)
             Began as a Minotaur Berserker on Aug 13, 2018.
             Was a High Priest of Trog.
             Slain by a killer bee (1 damage)
             ... on level 9 of the Dungeon.
             The game lasted 00:33:40 (8106 turns).

Lauz the Severer (Minotaur Berserker)               Turns: 8106, Time: 00:33:41

Health: 0/90       AC: 10    Str: 28 (30) XL:     10   Next: 66%
Magic:  9/9        EV: 11    Int:  1 (4)  God:    Trog [*****.]
Gold:   306        SH:  0    Dex:  9 (10) Spells: 9/9 levels left

rFire    . . .     SeeInvis .   S - +1 executioner's axe (elec)
rCold    . . .     Gourm    .   (shield currently unavailable)
rNeg     . . .     Faith    .   i - +1 scale mail {rPois}
rPois    +         Spirit   .   (helmet restricted)
rElec    .         Reflect  .   (no cloak)
rCorr    .         Harm     .   (no gloves)
MR       .....                  G - +0 pair of boots {run}
Stlth    ..........             (no amulet)
HPRegen  0.25/turn              h - +4 ring of slaying
MPRegen  0.11/turn              d - +5 ring of strength

@: lethally poisoned (0 -> -2), berserk cooldown, flying, slowed, very slow
A: retaliatory headbutt, horns 2
a: Berserk, Trog's Hand, Brothers in Arms, Renounce Religion


You were on level 9 of the Dungeon.
You worshipped Trog.
Trog was extremely pleased with you.
You were hungry.

You visited 1 branch of the dungeon, and saw 9 of its levels.
You also visited: Sewer and Ossuary.

You collected 444 gold pieces.
You spent 138 gold pieces at shops.

Inventory:

Hand Weapons
 a - a +1 hand axe
 z - a +0 battleaxe
 H - a +1 antimagic broad axe
 S - a +1 executioner's axe of electrocution (weapon)
Armour
 i - a +1 scale mail of poison resistance (worn)
 B - a +1 leather armour of positive energy
 D - a +0 leather armour of cold resistance
 G - a +0 pair of boots of running (worn)
Jewellery
 d - a +5 ring of strength (right hand)
 h - a +4 ring of slaying (left hand)
 M - a +3 ring of strength
Wands
 b - a wand of acid (8)
 p - a wand of polymorph (9)
 r - a wand of enslavement (26)
 x - a wand of flame (29)
 y - a wand of random effects (36)
 N - a wand of iceblast (4)
Scrolls
 f - 2 scrolls of random uselessness
 j - 2 scrolls of immolation {unknown}
 k - 4 scrolls of enchant weapon
 l - 3 scrolls of remove curse
 m - 6 scrolls of teleportation
 u - 2 scrolls of fog
 v - a scroll of fear {unknown}
 A - 4 scrolls of magic mapping {unknown}
 C - 3 scrolls of identify
 E - a scroll of amnesia {unknown}
 I - 2 scrolls of enchant armour
 J - a scroll of torment {unknown}
 K - 3 scrolls of silence {unknown}
 L - 2 scrolls of vulnerability {unknown}
Potions
 e - 2 potions of haste {unknown}
 g - a potion of berserk rage {unknown}
 n - 4 potions of curing {unknown}
 o - 4 potions of heal wounds {unknown}
 q - a potion of cancellation {unknown}
 s - a potion of mutation {unknown}
 t - 3 potions of degeneration
 w - 2 potions of brilliance {unknown}
 F - 4 potions of flight
 O - 2 potions of might {unknown}
 P - 3 potions of invisibility {unknown}
 Q - 2 potions of lignification {unknown}
Comestibles
 c - 21 rations


   Skills:
 + Level 8.5 Fighting
 + Level 15.6 Axes
 + Level 7.2 Armour
 - Level 2.1 Dodging
 + Level 2.0 Stealth


You had 9 spell levels left.
You didn't know any spells.
Your spell library was empty.

Dungeon Overview and Level Annotations

Branches:
Dungeon (9/15)             Temple (0/1) D:5            Lair (0/6) D:9
    Orc: D:9-12

Altars:
Ashenzari
Dithmenos
Gozag
Kikubaaqudgha
Makhleb
Nemelex Xobeh
Ru
Sif Muna
Trog
Uskayaw
Wu Jian
Xom
Zin
The Shining One

Shops:
D:6 :   D:8 ?

Annotations:
D:6 3 runed doors, Swippen's ghost, novice DsMo


Innate Abilities, Weirdness & Mutations

You reflexively headbutt those who attack you in melee.
You have a pair of horns on your head.


Message History

You fly up into the air.
You feel sick.
The killer bee stings you but does no damage.
The killer bee barely misses you. You furiously retaliate!
You headbutt the killer bee!!
You kill the killer bee!
Trog accepts your kill. The killer bee barely misses you.
The killer bee stings you.
* * * LOW HITPOINT WARNING * * *
The killer bee closely misses you. x3; You furiously retaliate!
You headbutt the killer bee.
It was a potion of degeneration.
There was something very wrong with that liquid.
You feel weakened.
You feel dopey.
You feel clumsy.
You feel sick. The killer bee barely misses you.
The killer bee stings you but does no damage.
The killer bee closely misses you. You furiously retaliate!
You headbutt the killer bee. The killer bee stings you.
* * * LOW HITPOINT WARNING * * *
The killer bee barely misses you. The killer bee stings you.
You die...

#.# #y# ##### ###### ###y#
####.... #....# #.y.# #.......
#....# #####y#####.##....
#....#####...y....##.##....
#.......##..y.....##.##....
#....##.##yy......'....####
#....##..y@y......##..#...≈
##<#######........##....#..
#..# #........##...##..
##..###########'#####.#..PPP
##........# #..# ##.#≈...>
#...#.#.#.# #.## #..#..P.P
###.........# ###'#####....##P.
#.....#.#.#.###.............#..
#...........#.'.......##..#...≈


You could see 10 killer bees.

Vanquished Creatures
  Harold (D:8)
  Pikel (D:4)
  Maurice (D:8)
  Joseph (D:8)
  A queen bee (D:9)
  A troll (D:9)
  Prince Ribbit (D:8)
  Grinder (D:3)
  Sigmund (D:4)
  Duvessa (D:5)
  An orc warrior (D:4)
  A sky beast (D:8)
  An ice beast (D:5)
  Purgy (Sewer)
  2 necrophages (D:9)
  An ogre (D:7)
  A crocodile (D:8)
  6 centaurs
  A big kobold (D:9)
  3 bullfrogs
  A water moccasin skeleton (D:5)
  3 scorpions
  Dowan (D:5)
  10 killer bees (D:9)
  A howler monkey (D:5)
  3 bullfrog zombies
  A quasit (D:8)
  5 jellies
  3 orc wizards
  A crimson imp (D:6)
  2 orc priests (D:7)
  A bullfrog skeleton (D:4)
  A gnoll shaman (D:7)
  2 hounds
  A centaur skeleton (D:7)
  Jessica (D:2)
  An iguana (D:7)
  Ijyb (D:3)
  Natasha (thrice) (D:3)
  6 worker ants
  A killer bee zombie (D:7)
  A hound zombie (D:6)
  2 mummies (Ossuary)
  A worker ant zombie (D:6)
  Robin (D:3)
  A howler monkey zombie (D:7)
  6 gnolls
  A howler monkey skeleton (D:4)
  10 adders
  2 shadow imps (D:5)
  7 oozes
  10 adder zombies (Ossuary)
  A worm (D:2)
  A dart slug (D:1)
  8 leopard geckos
  16 orcs
  7 bats
  12 giant cockroaches
  19 goblins
  6 hobgoblins
  21 jackals
  20 kobolds
  4 quokkas
  5 frilled lizards
  2 gnoll zombies (Ossuary)
  7 hobgoblin zombies (Ossuary)
  4 kobold zombies (Ossuary)
  5 orc zombies (Ossuary)
  6 rats
  3 fungi (D:2)
266 creatures vanquished.

Notes
Turn   | Place    | Note
-------+----------+-------------------------------------------
     0 | D:1      | Lauz the Minotaur Berserker began the quest for the Orb.
     0 | D:1      | Reached XP level 1. HP: 19/19 MP: 0/0
    45 | D:1      | Reached skill level 4 in Axes
    48 | D:1      | Reached XP level 2. HP: 20/27 MP: 1/1
   520 | D:1      | Reached XP level 3. HP: 33/33 MP: 2/2
   526 | D:1      | Reached ** piety under Trog
   875 | D:2      | Reached skill level 5 in Axes
   968 | D:2      | Reached XP level 4. HP: 41/41 MP: 3/3
  1353 | D:2      | Noticed Jessica
  1362 | D:2      | Killed Jessica
  1362 | D:2      | Reached skill level 6 in Axes
  1652 | D:2      | Found a bloodstained altar of Trog.
  1653 | D:2      | Found an ornate altar of the Wu Jian Council.
  1653 | D:2      | Found a shadowy altar of Dithmenos.
  1653 | D:2      | Found a deep blue altar of Sif Muna.
  1659 | D:2      | Found a burning altar of Makhleb.
  1663 | D:2      | Found a sparkling altar of Nemelex Xobeh.
  1951 | D:3      | Reached XP level 5. HP: 45/47 MP: 4/4
  2035 | D:3      | Reached *** piety under Trog
  2046 | D:3      | Noticed Ijyb
  2061 | D:3      | Killed Ijyb
  2089 | D:3      | Noticed Grinder
  2104 | D:3      | Killed Grinder
  2104 | D:3      | Reached skill level 7 in Axes
  2104 | D:3      | Reached XP level 6. HP: 24/53 MP: 5/5
  2212 | D:3      | Noticed Natasha
  2227 | D:3      | Killed Natasha
  2301 | D:3      | Found a glowing drain.
  2314 | Sewer    | Entered a sewer
  2317 | Sewer    | Noticed Purgy
  2325 | Sewer    | Killed Purgy
  2325 | Sewer    | Reached skill level 8 in Axes
  2701 | D:3      | Noticed Natasha
  2705 | D:3      | Killed Natasha
  2705 | D:3      | Reached XP level 7. HP: 60/60 MP: 6/6
  2712 | D:3      | Noticed Natasha
  2719 | D:3      | Killed Natasha
  2752 | D:3      | Reached **** piety under Trog
  3077 | D:3      | Found an ancient bone altar of Kikubaaqudgha.
  3156 | D:3      | Noticed Robin
  3172 | D:3      | Killed Robin
  3335 | D:4      | Noticed Pikel
  3349 | D:4      | Killed Pikel
  3349 | D:4      | Reached skill level 5 in Fighting
  3349 | D:4      | Reached skill level 10 in Axes
  3349 | D:4      | Reached XP level 8. HP: 46/69 MP: 7/7
  3382 | D:4      | Noticed Sigmund
  3389 | D:4      | Killed Sigmund
  3389 | D:4      | Reached skill level 5 in Armour
  3471 | D:4      | Reached skill level 11 in Axes
  3768 | D:4      | Found an opulent altar of Gozag.
  4055 | D:5      | Entered Level 5 of the Dungeon
  4067 | D:5      | Found a shattered altar of Ashenzari.
  4100 | D:5      | Found a hide-covered altar of Uskayaw.
  4190 | D:5      | Found a sparkling altar of Nemelex Xobeh.
  4309 | D:5      | Noticed Dowan
  4318 | D:5      | Killed Dowan
  4318 | D:5      | Reached ***** piety under Trog
  4325 | D:5      | Noticed Duvessa
  4340 | D:5      | Killed Duvessa
  4597 | D:5      | Found a glowing silver altar of Zin.
  4645 | D:5      | Found a sacrificial altar of Ru.
  4705 | D:5      | Found a staircase to the Ecumenical Temple.
  4717 | D:5      | Reached XP level 9. HP: 78/78 MP: 8/8
  4896 | D:6      | Reached skill level 12 in Axes
  4919 | D:6      | Found Irulah's Book Boutique.
  4936 | D:6      | Found a runed gate.
  4937 | D:6      | Found an opulent altar of Gozag.
  4980 | D:6      | Found a shimmering altar of Xom.
  5111 | D:6      | Received a gift from Trog
  5353 | D:6      | Found a runed gate.
  5355 | D:6      | Found a runed gate.
  5356 | D:6      | Noticed Swippen's ghost (novice DsMo)
  5529 | D:6      | Identified a +0 pair of boots of running (You found it on level 6 of the Dungeon)
  6005 | D:7      | Found a sand-covered staircase.
  6014 | Ossuary  | Entered an ossuary
  6263 | D:7      | Reached skill level 13 in Axes
  6871 | D:8      | Found Tiahaont's Magic Scroll Boutique.
  6879 | D:8      | Noticed Maurice
  6887 | D:8      | Killed Maurice
  6889 | D:8      | Noticed Harold
  6891 | D:8      | Reached skill level 1 in Stealth
  6898 | D:8      | Killed Harold
  6898 | D:8      | Reached skill level 14 in Axes
  6898 | D:8      | Reached XP level 10. HP: 49/88 MP: 3/9
  6920 | D:8      | Noticed Joseph
  6979 | D:8      | Killed Joseph
  7153 | D:8      | Bought a scroll of enchant armour for 90 gold pieces
  7153 | D:8      | Bought a scroll of identify for 24 gold pieces
  7153 | D:8      | Bought a scroll of identify for 24 gold pieces
  7170 | D:8      | Found a shadowy altar of Dithmenos.
  7279 | D:8      | Noticed Prince Ribbit
  7286 | D:8      | Killed Prince Ribbit
  7678 | D:9      | Reached skill level 15 in Axes
  7823 | D:9      | Found a staircase to the Lair.
  7895 | D:9      | Found a glowing golden altar of the Shining One.
  7905 | D:9      | Received a gift from Trog
  8106 | D:9      | HP: 4/90 [poisoned by a killer bee]
  8106 | D:9      | HP: 1/90 [killer bee (3)]
  8106 | D:9      | Slain by a killer bee

Skill      XL: |  1  2  3  4  5  6  7  8  9 10 |
---------------+-------------------------------+-----
Axes           | 4 5 6 7 8 10 11 14 15 | 15.6
Fighting       | 4 5 6 7 8 |  8.5
Armour         | 3 4 5 6 7 |  7.2
Stealth        | 1 2 |  2.0
Dodging        | |  2.1

Action                   |  1- 3 |  4- 6 |  7- 9 | 10-12 || total
-------------------------+-------+-------+-------+-------++-------
Melee: Hand axe          |   106 |   140 |   119 |       ||   365
       Headbutt          |    12 |    17 |    56 |    20 ||   105
       Broad axe         |       |       |   112 |    55 ||   167
       Battleaxe         |       |       |    21 |       ||    21
       Executioner's axe |       |       |       |    17 ||    17
Invok: Berserk           |     1 |       |     2 |     1 ||     4
  Use: Scroll            |     2 |     5 |     3 |       ||    10
       Potion            |       |       |       |     2 ||     2
 Stab: Distracted        |       |       |       |     1 ||     1
  Eat: Chunk             |     1 |     6 |    15 |       ||    22
       Ration            |       |       |       |     1 ||     1
Armor: Animal skin       |    17 |       |       |       ||    17
       Scale mail        |    27 |    51 |    76 |    23 ||   177
       Skin              |       |     6 |       |       ||     6
Dodge: Dodged            |    72 |    59 |   101 |    42 ||   274
